3AA
FT. POLK SOUTH THUNDER HAWKS @ VIRGINIA BEACH DEUCES
08/08/2025
 
TOP OF THE 1ST
Ft. Polk South Thunder Hawks batting - Pitching for Virginia Beach Deuces : RHP Orlando Uribe
Pitching: RHP Orlando Uribe
Batting: SHB Paul Wright 0-0: Bunt missed!
0-1: Fly out, F2 (Popup, 34S)
Batting: RHB Rob Morse 0-0: Ball
1-0: Called Strike
1-1: Foul Ball, location: 2F
1-2: Foul Ball, location: 2F
1-2: Foul Ball, location: 2F
1-2: Ball
2-2: SINGLE (Groundball, 34D)
Batting: RHB Pedro Méndez 0-0: Called Strike
0-1: Ball
1-1: SINGLE (Groundball, 56D)
Rob Morse to second
Batting: RHB David Phipps 0-0: Called Strike
0-1: Foul Ball, location: 2F
0-2: Fly out, F5 (Line Drive, 56)
Batting: RHB Manuel Rodríguez 0-0: Ball
1-0: Fly out, F8 (Flyball, 8RS)
Top of the 1st over - 0 run(s), 2 hit(s), 0 error(s), 2 left on base; Ft. Polk South 0 - Virginia Beach 0
BOTTOM OF THE 1ST
Virginia Beach Deuces batting - Pitching for Ft. Polk South Thunder Hawks : RHP Esteban González
Pitching: RHP Esteban González
Batting: RHB David Abreu 0-0: Foul Ball, location: 2F
0-1: Called Strike
0-2: Ball
1-2: Strikes out swinging
Batting: LHB Curt Wilson 0-0: Ground out 6-3 (Groundball, 6)
Batting: RHB Jorge Salgado 0-0: Called Strike
0-1: Ball
1-1: Ball
2-1: Foul Ball, location: 2F
2-2: Ground out 6-3 (Groundball, 56)
Bottom of the 1st over - 0 run(s), 0 hit(s), 0 error(s), 0 left on base; Ft. Polk South 0 - Virginia Beach 0
TOP OF THE 2ND
Ft. Polk South Thunder Hawks batting - Pitching for Virginia Beach Deuces : RHP Orlando Uribe
Batting: LHB Tae-sang Han 0-0: Ball
1-0: Ball
2-0: Ball
3-0: Base on Balls
Batting: RHB Jesús Hernández 0-0: Foul Ball, location: 2F
0-1: Ball
1-1: Ball
2-1: Swinging Strike
2-2: Ball
3-2: Fly out, F7 (Flyball, 7S)
Batting: RHB Jorge Flores 0-0: Ball
Tae-sang Han steals 2nd base
1-0: Swinging Strike
1-1: Called Strike
Throwing error on steal attempt, E2
Tae-sang Han scores
1-2: Ball
2-2: Foul Ball, location: 2F
2-2: Ground out 5-3 (Groundball, 56)
Batting: LHB Ramón Castro 0-0: Ball
1-0: SINGLE (Groundball, 6D)
Batting: SHB Paul Wright 0-0: Foul Ball, location: 2F
0-1: Ball
1-1: Swinging Strike
1-2: Ball
2-2: Fielders Choice at 2nd, 4-6 (Groundball, 34)
Top of the 2nd over - 1 run(s), 1 hit(s), 1 error(s), 0 left on base; Ft. Polk South 1 - Virginia Beach 0
BOTTOM OF THE 2ND
Virginia Beach Deuces batting - Pitching for Ft. Polk South Thunder Hawks : RHP Esteban González
Batting: RHB António Acosta 0-0: Ball
1-0: Fly out, F9 (Flyball, 9LDF)
Batting: RHB Reg Spiers 0-0: Ball
1-0: TRIPLE (Flyball, 9LM)
Batting: SHB Juan Perales 0-0: Ball
1-0: Ball
2-0: Foul Ball, location: 2F
2-1: TRIPLE (Line Drive, 9D)
Reg Spiers scores
Batting: RHB Clarence Weber 0-0: Ball
1-0: Ball
2-0: Fly out, F8 (Flyball, 89M)
Runner from 3rd tags up, SCORES, no throw
Batting: RHB Robert Emmet Odlum 0-0: Called Strike
0-1: Ball
1-1: Foul Ball, location: 2F
1-2: Fly out, F8 (Line Drive, 8LD)
Bottom of the 2nd over - 2 run(s), 2 hit(s), 0 error(s), 0 left on base; Ft. Polk South 1 - Virginia Beach 2
TOP OF THE 3RD
Ft. Polk South Thunder Hawks batting - Pitching for Virginia Beach Deuces : RHP Orlando Uribe
Batting: RHB Rob Morse 0-0: Reached on error, E5 (Groundball, 56S)
Batting: RHB Pedro Méndez 0-0: SINGLE (Groundball, 34D)
Rob Morse to third
Runner from 3rd tries for Home, SAFE, throw made home
Batting: RHB David Phipps 0-0: Called Strike
0-1: Swinging Strike
0-2: Strikes out looking
Batting: RHB Manuel Rodríguez 0-0: Called Strike
0-1: Ball
1-1: Fly out, F7 (Flyball, 7)
Batting: LHB Tae-sang Han 0-0: Ball
1-0: Called Strike
1-1: Ball
2-1: Ball
3-1: Foul Ball, location: 2F
3-2: Ground out U3 (Groundball, 34)
Top of the 3rd over - 1 run(s), 1 hit(s), 1 error(s), 1 left on base; Ft. Polk South 2 - Virginia Beach 2
BOTTOM OF THE 3RD
Virginia Beach Deuces batting - Pitching for Ft. Polk South Thunder Hawks : RHP Esteban González
Batting: LHB Félix González 0-0: SINGLE (Line Drive, 8LS)
Batting: RHB David Abreu 0-0: Called Strike
0-1: Ball
1-1: Ball
2-1: Ball
3-1: Fly out, F7 (Flyball, 7LD)
Batting: LHB Curt Wilson 0-0: Ball
1-0: Fly out, F9 (Line Drive, 89M)
Batting: RHB Jorge Salgado 0-0: Called Strike
0-1: Fly out, F6 (Line Drive, 6)
Bottom of the 3rd over - 0 run(s), 1 hit(s), 0 error(s), 1 left on base; Ft. Polk South 2 - Virginia Beach 2
TOP OF THE 4TH
Ft. Polk South Thunder Hawks batting - Pitching for Virginia Beach Deuces : RHP Orlando Uribe
Batting: RHB Jesús Hernández 0-0: Swinging Strike
0-1: Ground out 6-3 (Groundball, 6)
Batting: RHB Jorge Flores 0-0: Swinging Strike
0-1: Ball
1-1: Ball
2-1: Ball
3-1: Base on Balls
Batting: LHB Ramón Castro 0-0: Grounds into double play, 4-6-3 (Groundball, 4)
Top of the 4th over - 0 run(s), 0 hit(s), 0 error(s), 0 left on base; Ft. Polk South 2 - Virginia Beach 2
BOTTOM OF THE 4TH
Virginia Beach Deuces batting - Pitching for Ft. Polk South Thunder Hawks : RHP Esteban González
Batting: RHB António Acosta 0-0: Ball
1-0: Foul Ball, location: 2F
1-1: Foul Ball, location: 2F
1-2: Ball
2-2: Ground out 1-3 (Groundball, 13)
Batting: RHB Reg Spiers 0-0: Foul Ball, location: 2F
0-1: Ball
1-1: Fly out, F9 (Flyball, 9)
Batting: SHB Juan Perales 0-0: Called Strike
0-1: Foul Ball, location: 2F
0-2: Ball
1-2: SINGLE (Groundball, 56D)
Batting: RHB Clarence Weber 0-0: Ball
1-0: Called Strike
1-1: Called Strike
1-2: Foul Ball, location: 2F
1-2: Ball
2-2: Ball
3-2: Strikes out looking
Bottom of the 4th over - 0 run(s), 1 hit(s), 0 error(s), 1 left on base; Ft. Polk South 2 - Virginia Beach 2
TOP OF THE 5TH
Ft. Polk South Thunder Hawks batting - Pitching for Virginia Beach Deuces : RHP Orlando Uribe
Batting: SHB Paul Wright 0-0: Swinging Strike
0-1: Ball
1-1: Foul Ball, location: 2F
1-2: Strikes out looking
Batting: RHB Rob Morse 0-0: Swinging Strike
0-1: Swinging Strike
0-2: Ground out 5-3 (Groundball, 56)
Batting: RHB Pedro Méndez 0-0: Fly out, F7 (Flyball, 7S)
Top of the 5th over - 0 run(s), 0 hit(s), 0 error(s), 0 left on base; Ft. Polk South 2 - Virginia Beach 2
BOTTOM OF THE 5TH
Virginia Beach Deuces batting - Pitching for Ft. Polk South Thunder Hawks : RHP Esteban González
Batting: RHB Robert Emmet Odlum 0-0: Swinging Strike
0-1: Ball
1-1: DOUBLE (Line Drive, 9LM)
Batting: LHB Félix González 0-0: Foul Ball, location: 2F
0-1: Ball
1-1: SINGLE (Groundball, 5L) (infield hit)
Robert Emmet Odlum to third
Batting: RHB David Abreu 0-0: Ball
Félix González steals 2nd base
1-0: Called Strike
1-1: Ball
2-1: Ball
3-1: Fly out, F9 (Line Drive, 89D)
Runner from 3rd tags up, SCORES, no throw
Batting: LHB Curt Wilson 0-0: Ball
1-0: 2-RUN HOME RUN (Flyball, 89XD), Distance : 428 ft
Batting: RHB Jorge Salgado 0-0: Called Strike
0-1: TRIPLE (Flyball, 89D)
Batting: RHB António Acosta 0-0: SINGLE (Groundball, 56D)
Jorge Salgado scores
Pitching: RHP Randall McLean
Batting: RHB Reg Spiers 0-0: Foul Ball, location: 2F
0-1: Ball
1-1: Foul Ball, location: 2F
1-2: Grounds into double play, 5-4-3 (Groundball, 56)
Bottom of the 5th over - 4 run(s), 5 hit(s), 0 error(s), 0 left on base; Ft. Polk South 2 - Virginia Beach 6
TOP OF THE 6TH
Ft. Polk South Thunder Hawks batting - Pitching for Virginia Beach Deuces : RHP Orlando Uribe
Batting: RHB David Phipps 0-0: Fly out, F9 (Flyball, 9S)
Batting: RHB Manuel Rodríguez 0-0: Ball
1-0: Ball
2-0: Called Strike
2-1: Foul Ball, location: 2F
2-2: SINGLE (Groundball, 56S) (infield hit)
Batting: LHB Tae-sang Han 0-0: Ball
1-0: Ball
2-0: Fielders Choice at 2nd, 3-6 (Groundball, 34)
Batting: RHB Jesús Hernández 0-0: Ball
1-0: Foul Ball, location: 2F
1-1: Fielders Choice at 2nd, 6-4 (Groundball, 6)
Top of the 6th over - 0 run(s), 1 hit(s), 0 error(s), 0 left on base; Ft. Polk South 2 - Virginia Beach 6
BOTTOM OF THE 6TH
Virginia Beach Deuces batting - Pitching for Ft. Polk South Thunder Hawks : RHP Randall McLean
Batting: SHB Juan Perales 0-0: Foul Ball, location: 2F
0-1: Ball
1-1: Ball
2-1: Ball
3-1: Fly out, F6 (Popup, 6D)
Batting: RHB Clarence Weber 0-0: Ball
1-0: Ground out 6-3 (Groundball, 6D)
Batting: RHB Robert Emmet Odlum 0-0: Ball
1-0: Ball
2-0: Called Strike
2-1: Fly out, F8 (Flyball, 8LD)
Bottom of the 6th over - 0 run(s), 0 hit(s), 0 error(s), 0 left on base; Ft. Polk South 2 - Virginia Beach 6
TOP OF THE 7TH
Ft. Polk South Thunder Hawks batting - Pitching for Virginia Beach Deuces : RHP Orlando Uribe
Batting: RHB Jorge Flores 0-0: Foul Ball, location: 2F
0-1: Foul Ball, location: 2F
0-2: SINGLE (Groundball, 56D)
Batting: LHB Ramón Castro 0-0: Called Strike
0-1: Fly out, F7 (Flyball, 7)
Batting: SHB Paul Wright 0-0: Called Strike
0-1: Ball
1-1: SINGLE (Groundball, 4MD)
Jorge Flores to second
Batting: RHB Rob Morse 0-0: Ball
1-0: Swinging Strike
1-1: Called Strike
1-2: Strikes out looking
Batting: RHB Pedro Méndez 0-0: Ball
1-0: Called Strike
1-1: Ball
2-1: Fielders Choice at 2nd, 5-4 (Groundball, 56)
Top of the 7th over - 0 run(s), 2 hit(s), 0 error(s), 1 left on base; Ft. Polk South 2 - Virginia Beach 6
BOTTOM OF THE 7TH
Virginia Beach Deuces batting - Pitching for Ft. Polk South Thunder Hawks : RHP Randall McLean
Batting: LHB Félix González 0-0: Swinging Strike
0-1: Called Strike
0-2: Ball
1-2: Foul Ball, location: 2F
1-2: Strikes out looking
Batting: RHB David Abreu 0-0: Ball
1-0: Foul Ball, location: 2F
1-1: Ball
2-1: Swinging Strike
2-2: Fly out, F9 (Flyball, 9LS)
Batting: LHB Curt Wilson 0-0: Ball
1-0: Ball
2-0: Ball
3-0: Called Strike
3-1: Swinging Strike
3-2: Ground out 4-3 (Groundball, 4)
Bottom of the 7th over - 0 run(s), 0 hit(s), 0 error(s), 0 left on base; Ft. Polk South 2 - Virginia Beach 6
TOP OF THE 8TH
Ft. Polk South Thunder Hawks batting - Pitching for Virginia Beach Deuces : RHP Orlando Uribe
Batting: RHB David Phipps 0-0: Ball
1-0: Ball
2-0: Called Strike
2-1: Foul Ball, location: 2F
2-2: Ball
3-2: Strikes out looking
Batting: RHB Manuel Rodríguez 0-0: Ground out 4-3 (Groundball, 4)
Batting: LHB Tae-sang Han 0-0: Called Strike
0-1: Swinging Strike
0-2: Ball
1-2: Foul Ball, location: 2F
1-2: SOLO HOME RUN (Flyball, 89XD), Distance : 409 ft
Batting: RHB Jesús Hernández 0-0: Foul Ball, location: 2F
0-1: Ball
1-1: Ball
2-1: Called Strike
2-2: Ground out 1-3 (Groundball, 13)
Top of the 8th over - 1 run(s), 1 hit(s), 0 error(s), 0 left on base; Ft. Polk South 3 - Virginia Beach 6
BOTTOM OF THE 8TH
Virginia Beach Deuces batting - Pitching for Ft. Polk South Thunder Hawks : RHP Randall McLean
Batting: RHB Jorge Salgado 0-0: Called Strike
0-1: Foul Ball, location: 2F
0-2: Ball
1-2: Ball
2-2: Foul Ball, location: 2F
2-2: Strikes out swinging
Batting: RHB António Acosta 0-0: Ball
1-0: Foul Ball, location: 2F
1-1: Ball
2-1: Swinging Strike
2-2: Foul Ball, location: 2F
2-2: Ground out 6-3 (Groundball, 6)
Batting: RHB Reg Spiers 0-0: Called Strike
0-1: Foul Ball, location: 2F
0-2: Strikes out swinging
Bottom of the 8th over - 0 run(s), 0 hit(s), 0 error(s), 0 left on base; Ft. Polk South 3 - Virginia Beach 6
TOP OF THE 9TH
Ft. Polk South Thunder Hawks batting - Pitching for Virginia Beach Deuces : RHP Orlando Uribe
Pitching: RHP Jim Unknown
Batting: RHB Jorge Flores 0-0: Ball
1-0: Foul Ball, location: 2F
1-1: Foul Ball, location: 2F
1-2: Strikes out swinging
Batting: LHB Ramón Castro 0-0: Called Strike
0-1: Ball
1-1: Fly out, F8 (Flyball, 8RM)
Batting: SHB Paul Wright 0-0: Called Strike
0-1: Ground out U3 (Groundball, 3L)
Top of the 9th over - 0 run(s), 0 hit(s), 0 error(s), 0 left on base; Ft. Polk South 3 - Virginia Beach 6
Friday, December 30th, 2016 - OOTP Baseball 17.12 Build 75